 Dungeon Crawl Stone Soup version 0.17.0-56-gd8de76c (webtiles) character file.

1691 ketsa the Basher (level 8, -9/108 HPs)
             Began as a Deep Dwarf Berserker on Dec 6, 2015.
             Was an Elder of Trog.
             Mangled by an ogre
             ... wielding a cursed +0 giant club
              (23 damage)
             ... on level 6 of the Dungeon.
             The game lasted 00:25:52 (6655 turns).

ketsa the Basher (Deep Dwarf Berserker)             Turns: 6655, Time: 00:25:53

Health: -9/108     AC: 11    Str: 28    XL:     8   Next: 72%
Magic:  18/18      EV: 13    Int:  8    God:    Trog [****..]
Gold:   328        SH:  0    Dex: 12    Spells: 0 memorised, 7 levels left

rFire  . . .     SeeInvis .     a - +0 mace
rCold  . . .     Clarity  .     J - +4 leather armour of Least Resistance {rPois}
rNeg   . . .     SustAt   .     (no shield)
rPois  +         Gourm    .     (no helmet)
rElec  .         Spirit   .     t - +0 cloak
rCorr  .         Warding  .     y - +0 pair of gloves
rMut   .         Stasis   .     w - +0 pair of boots
MR     +....                    (no amulet)
Stlth  ..........               (no ring)
                                p - ring of magical power

@: berserking, non-regenerating, very quick, somewhat resistant to hostile
enchantments, extremely unstealthy
A: damage resistance, recharge devices, sense surroundings 1, slow regeneration
3
a: Device Recharging, Berserk, Trog's Hand, Brothers in Arms, Burn Spellbooks,
Renounce Religion


You were on level 6 of the Dungeon.
You worshipped Trog.
Trog was greatly pleased with you.
You were very hungry.

You visited 1 branch of the dungeon, and saw 6 of its levels.

You collected 328 gold pieces.

Inventory:

Hand Weapons
 a - a +0 mace (weapon)
 H - a +0 shortbow
Missiles
 B - 2 steel javelins (quivered)
 I - 18 arrows of flame
Armour
 o - a +2 leather armour of fire resistance
 t - a +0 cloak (worn)
 w - a +0 pair of boots (worn)
 y - a +0 pair of gloves (worn)
 z - a +1 leather armour of cold resistance
 C - a +2 robe of resistance
 G - a +0 ring mail
 J - the +4 leather armour of Least Resistance (worn) {rPois}
   (You found it on level 6 of the Dungeon)

   It protects you from poison.
Jewellery
 p - a ring of magical power (left hand)
 r - an uncursed amulet of stasis
Wands
 c - a wand of heal wounds (4)
 q - a wand of disintegration (11)
 s - a wand of frost (18)
 D - a wand of flame (37)
Scrolls
 b - a scroll of random uselessness {unknown}
 f - 4 scrolls of identify
 h - a scroll of noise {unknown}
 i - a scroll of blinking {unknown}
 k - a scroll of immolation {unknown}
 m - a scroll of fear {unknown}
 n - 2 scrolls of remove curse
 u - a scroll of magic mapping {unknown}
 v - a scroll of teleportation {unknown}
 x - a scroll of enchant weapon {unknown}
 F - a scroll of enchant armour {unknown}
Potions
 e - a potion of might {unknown}
 j - 13 potions of curing
 A - a potion of resistance {unknown}
 E - 2 potions of brilliance {unknown}
Comestibles
 d - 5 bread rations
 g - 5 beef jerkies
 l - 2 meat rations


   Skills:
 + Level 4.2 Fighting
 * Level 8.5 Maces & Flails
 + Level 5.9 Armour
 - Level 4.5 Dodging
 + Level 3.7 Evocations


You had 7 spell levels left.
You didn't know any spells.

Dungeon Overview and Level Annotations

Branches:
Dungeon (6/15)             Temple (0/1) D:5

Altars:
Trog
Vehumet
The Shining One

Shops:
D:5 =

Annotations:
D:4 Blork the orc


Innate Abilities, Weirdness & Mutations

You are resistant to damage.
You can recharge devices by infusing magical energy.
You passively map a small area around you.
You do not regenerate naturally.


Message History

You continue putting on your crude leather armour. x5
You finish putting on the +4 leather armour of Least Resistance {rPois}.
Found 21 sling bullets.
You see here 21 sling bullets.
An ogre comes into view. It is wielding a giant club.
The ogre moves out of view.
The ogre is too close now for your liking.
The ogre barely misses you.
A red film seems to cover your vision as you go berserk!
You feel yourself moving faster!
You feel mighty!
You are feeling very hungry.
The ogre hits you with a giant club!!
* * * LOW HITPOINT WARNING * * *
You hear a shout!
You hit the ogre.
The ogre is lightly wounded.
You thump the ogre!
The ogre is heavily wounded.
The ogre hits you with a giant club!!
You die...

#.# #.#
#.#######################.#
###.........................#
..#.#######################.#
....#.############ #.#
#.###.........##.# #.#
#.###.##.........# #.#
#...(.##.####.##.# #.#
########.# #.##@# #.# # #.#,
#.##O# * #.# # * *#.# #.##.#
,* #.# .,,, ,..# ..##.# *
#.##### . , ... ...... ,
#...... *, ###* ##.#.. ,**
######. ,, .... ,,, ,#. * ,
#... ** #. , * , #.


You could see an ogre.

Vanquished Creatures
  Eustachio (D:4)
  A phantom (D:4)
  A necrophage (D:5)
  2 centaurs (D:5)
  4 scorpions
  A crimson imp (D:6)
  A jelly (D:6)
  Crazy Yiuf (D:3)
  An orc priest (D:5)
  3 gnoll shamans (D:4)
  5 orc wizards
  4 hounds (D:4)
  2 worker ants (D:4)
  A worker ant zombie (D:5)
  27 gnolls
  7 adders
  3 oozes
  3 worms
  7 giant geckos
  18 orcs
  13 bats
  5 goblins
  9 hobgoblins
  5 kobolds
  A ball python (D:4)
  A ball python skeleton (D:4)
  2 giant cockroaches
  A giant gecko skeleton (D:4)
  5 giant newts
  23 jackals
  2 quokkas (D:3)
  A quokka skeleton (D:4)
  7 rats
168 creatures vanquished.

Notes
Turn   | Place    | Note
--------------------------------------------------------------
     0 | D:1      | ketsa the Deep Dwarf Berserker began the quest for the Orb.
     0 | D:1      | Reached XP level 1. HP: 20/20 MP: 1/1
   655 | D:1      | Reached XP level 2. HP: 17/27 MP: 2/2
   955 | D:1      | Reached skill level 4 in Maces & Flails
  1220 | D:2      | Reached XP level 3. HP: 26/33 MP: 3/3
  1227 | D:2      | Reached ** piety under Trog
  1935 | D:2      | Reached XP level 4. HP: 33/40 MP: 4/4
  2347 | D:3      | Reached skill level 5 in Maces & Flails
  2553 | D:3      | Reached XP level 5. HP: 21/46 MP: 5/5
  2647 | D:3      | Noticed Crazy Yiuf
  2652 | D:3      | Killed Crazy Yiuf
  2779 | D:3      | Reached *** piety under Trog
  2992 | D:3      | Found a glowing golden altar of the Shining One.
  3429 | D:4      | Reached XP level 6. HP: 39/55 MP: 6/6
  3502 | D:4      | Reached skill level 6 in Maces & Flails
  3564 | D:5      | Entered Level 5 of the Dungeon
  3833 | D:4      | Reached **** piety under Trog
  3833 | D:4      | Reached XP level 7. HP: 46/61 MP: 7/7
  3855 | D:4      | Noticed Eustachio
  3918 | D:4      | Killed Eustachio
  3918 | D:4      | Reached skill level 7 in Maces & Flails
  4519 | D:4      | Noticed a phantom
  4570 | D:4      | Killed a phantom
  4570 | D:4      | Reached skill level 5 in Armour
  4570 | D:4      | Reached skill level 1 in Evocations
  4901 | D:4      | Noticed Blork the orc
  4919 | D:4      | Reached XP level 8. HP: 40/69 MP: 9/9
  5159 | D:4      | Received a gift from Trog
  5679 | D:5      | Found a radiant altar of Vehumet.
  5812 | D:5      | Reached skill level 8 in Maces & Flails
  6005 | D:5      | Found a bloodstained altar of Trog.
  6049 | D:5      | Found Meluimno's Jewellery Emporium.
  6185 | D:5      | Found a staircase to the Ecumenical Temple.
  6618 | D:6      | Got a crude leather armour
  6629 | D:6      | Identified the +4 leather armour of Least Resistance {rPois} (You found it on level 6 of the Dungeon)
  6655 | D:6      | Mangled by an ogre

Action                   |  1- 3 |  4- 6 |  7- 9 || total
-------------------------+-------+-------+-------++-------
Melee: Mace              |   123 |   220 |   374 ||   717
Invok: Berserk           |     4 |     8 |     9 ||    21
       Trog's Hand       |       |     3 |     7 ||    10
 Abil: Device Recharging |       |       |     1 ||     1
Evoke: Wand              |     2 |       |     3 ||     5
  Use: Scroll            |       |     2 |       ||     2
 Stab: Sleeping          |     1 |       |       ||     1
  Eat: Chunk             |     8 |    14 |    16 ||    38
       Fruit             |       |       |     4 ||     4
